[Event "SS Manhem Chess Week GM and IM tournaments 2018"]
[Site "Molnlycke kulturhus, Biblioteksgatan 2, Molnlycke, Sweden"]
[Date "2018.08.12"]
[Round "3.4"]
[White "Sammalvuo, Tapani"]
[Black "Schneider, Stefan"]
[Result "1-0"]
[TimeControl "90 minutes for 40 moves + 30 minutes for the rest of the game + 30 seconds per move from move one."]
[WhiteTitle "IM"]
[BlackTitle "IM"]
[WhiteFideId "501115"]
[BlackFideId "1703013"]
[WhiteElo "2411"]
[BlackElo "2399"]

1. d4 Nf6 2. c4 e6 3. Nf3 Bb4+ 4. Bd2 Qe7 5. g3 Nc6 6. Nc3 O-O 7. Bg2 Na5 8. b3 b6 9. Qc2 Bb7 10.
O-O Rac8 11. a3 Bxc3 12. Bxc3 Be4 13. Qb2 Nb7 14. Rfd1 d5 15. cxd5 Nxd5 16. Bd2 c5 17. Rac1 h6 18.
dxc5 Nxc5 19. b4 Nd7 20. Qd4 f5 21. Bf1 Rfd8 22. Nh4 Bc2 23. Re1 Qf6 24. Nf3 Be4 25. Qxf6 N7xf6 26. Nd4 Nc7 27.
Bc3 b5 28. Bb2 Kf7 29. e3 a6 30. Nc6 Bxc6 31. Rxc6 Nce8 32. Rxa6 Rd2 33. Re2 Rd1 34. f3 Nd5 35. e4 fxe4 36.
fxe4 Ndf6 37. Rf2 Kg8 38. Rxe6 Ng4 39. Re2 Nc7 40. Re7 Ne6 41. Rxe6 Rf8 42. Rg6 Rdxf1+ 43. Kg2 R8f2+ 44. Rxf2 Rxf2+ 45. Kg1 Rxb2 46. Rxg4 Ra2 47. Rf4 Rxa3 48. Rf5 Ra1+ 49. Kf2 Ra2+ 50. Kg1 Re2 51. Re5 Kf7 52. h4 Kf6 53. Rf5+ Ke6 54.
Rxb5 Rxe4 55. Kf2 Rc4 56. Kf3 Kf6 57. Rb6+ Kf7 58. h5 Rc3+ 59. Kf4 Rb3 60. g4 Rb1 61. Ke5 Re1+ 62. Kd5 Rb1 63.
Kc5 Rc1+ 64. Kb5 g5 65. Rc6 Rg1 66. Rc4 Ke6 67. Kc6 Rf1 68. b5 Rf4 69. Rxf4 gxf4 70. b6 f3 71. b7 f2 72.
b8=Q f1=Q 73. Qe8 Kf6 74. Qf8 1-0

[Event "SS Manhem Chess Week GM and IM tournaments 2018"]
[Site "Molnlycke kulturhus, Biblioteksgatan 2, Molnlycke, Sweden"]
[Date "2018.08.12"]
[Round "3.5"]
[White "Vestby-Ellingsen, Mads"]
[Black "Gritsak, Orest"]
[Result "1/2-1/2"]
[TimeControl "90 minutes for 40 moves + 30 minutes for the rest of the game + 30 seconds per move from move one."]
[WhiteTitle "FM"]
[BlackTitle "GM"]
[WhiteFideId "1520857"]
[BlackFideId "14102188"]
[WhiteElo "2409"]
[BlackElo "2464"]

1. d4 Nf6 2. Bf4 g6 3. Nc3 c6 4. e4 d5 5. e5 Nh5 6. Be3 Qb6 7. Rb1 Ng7 8. Bh6 f6 9. Nf3 Bg4 10.
exf6 exf6 11. Be2 Nf5 1/2-1/2

[Event "SS Manhem Chess Week GM and IM tournaments 2018"]
[Site "Molnlycke kulturhus, Biblioteksgatan 2, Molnlycke, Sweden"]
[Date "2018.08.12"]
[Round "3.6"]
[White "Hobber, Anders"]
[Black "Vypkhaniuk, Ihor"]
[Result "1/2-1/2"]
[TimeControl "90 minutes for 40 moves + 30 minutes for the rest of the game + 30 seconds per move from move one."]
[WhiteTitle "FM"]
[BlackTitle "FM"]
[WhiteFideId "1505424"]
[BlackFideId "14112256"]
[WhiteElo "2314"]
[BlackElo "2357"]

1. d4 Nf6 2. Bf4 g6 3. Nc3 d6 4. e4 c6 5. Nf3 Bg7 6. Qd2 Bg4 7. Be2 Nbd7 8. O-O O-O 9. Rad1 Qa5 10.
h3 Bxf3 11. Bxf3 e5 12. Be3 exd4 13. Bxd4 Rfe8 14. Rfe1 Rad8 15. a3 Qc7 16. Be3 Nb6 17. b3 Nfd7 18. Bg5 Bf6 19. Bxf6 Nxf6 20.
g3 Qe7 21. Bg2 Qe5 22. Re3 1/2-1/2

[Event "SS Manhem Chess Week GM and IM tournaments 2018"]
[Site "Molnlycke kulturhus, Biblioteksgatan 2, Molnlycke, Sweden"]
[Date "2018.08.12"]
[Round "3.7"]
[White "Antonsen, Mikkel"]
[Black "Storme, Isak"]
[Result "1/2-1/2"]
[TimeControl "90 minutes for 40 moves + 30 minutes for the rest of the game + 30 seconds per move from move one."]
[WhiteTitle "IM"]
[BlackTitle "FM"]
[WhiteFideId "1401378"]
[BlackFideId "1728113"]
[WhiteElo "2444"]
[BlackElo "2279"]

1. d4 Nf6 2. c4 e6 3. Nc3 d5 4. cxd5 Nxd5 5. e4 Nxc3 6. bxc3 c5 7. Nf3 cxd4 8. cxd4 Bb4+ 9. Bd2 Bxd2+ 10. Qxd2 O-O 11. Be2 b6 12. O-O Bb7 13. Qe3 Nd7 14. Rfd1 Qe7 15. a4 a5 16. Bb5 Nf6 17. Nd2 Rac8 18.
f3 Bc6 19. Bf1 Rfd8 20. Nc4 Bxa4 21. Rdb1 b5 22. Nb6 Rb8 23. Nxa4 bxa4 24. Rxb8 Rxb8 25. Rxa4 Qd8 26. Qc3 Ra8 27.
Bb5 h6 28. Rc4 Qb6 29. Rc8+ Rxc8 30. Qxc8+ Kh7 31. Qc5 Qb7 32. Bf1 a4 33. e5 Nd5 34. Qc2+ g6 35. Qxa4 Qb2 36. Qd1 Ne3 37.
Qd3 Nf5 38. d5 Qxe5 39. dxe6 Qxe6 40. g3 Qb6+ 41. Kh1 Qf2 42. Qe2 Qd4 43. Qc4 Qf6 44. Qd3 h5 45. Bh3 Nd4 46. f4 Qc6+ 47.
Bg2 Qc1+ 48. Qf1 Qd2 49. Be4 Qe3 50. Qd3 Qf2 51. Qd1 Ne2 52. f5 g5 53. Bg2 h4 54. gxh4 gxh4 55. f6 Kg6 56.
Be4+ Kxf6 57. Qd8+ Ke5 58. Qe7+ Kf4 59. Qxf7+ Ke3 60. Qxf2+ Kxf2 61. Bd3 Nf4 62. Ba6 Nh5 63. Bb5 Ng3+ 64.
hxg3 hxg3 65. Bf1 Kxf1 1/2-1/2

[Event "SS Manhem Chess Week GM and IM tournaments 2018"]
[Site "Molnlycke kulturhus, Biblioteksgatan 2, Molnlycke, Sweden"]
[Date "2018.08.12"]
[Round "3.8"]
[White "Kucuksari, Kaan"]
[Black "Nedilko, Vasily"]
[Result "1-0"]
[TimeControl "90 minutes for 40 moves + 30 minutes for the rest of the game + 30 seconds per move from move one."]
[WhiteTitle "FM"]
[BlackTitle "IM"]
[WhiteFideId "6380166"]
[BlackFideId "14101459"]
[WhiteElo "2329"]
[BlackElo "2369"]

1. d4 Nf6 2. Nf3 g6 3. c4 Bg7 4.
g3 c5 5.
d5 b5 6.
cxb5 Qa5+ 7. Nc3 Ne4 8. Bd2 Nxc3 9. Qc1 Qxb5 10. Bxc3 O-O 11. h4 Bxc3+ 12. bxc3 Qc4 13. h5 d6 14.
Rh4 Qxd5 15. Qh6 Qf5 16. Ng5 gxh5 17. Bg2 1-0

[Event "SS Manhem Chess Week GM and IM tournaments 2018"]
[Site "Molnlycke kulturhus, Biblioteksgatan 2, Molnlycke, Sweden"]
[Date "2018.08.12"]
[Round "3.9"]
[White "Rydstrom, Tom"]
[Black "Mikalsen, Erlend"]
[Result "0-1"]
[TimeControl "90 minutes for 40 moves + 30 minutes for the rest of the game + 30 seconds per move from move one."]
[WhiteTitle "FM"]
[BlackTitle "FM"]
[WhiteFideId "1714830"]
[BlackFideId "1507338"]
[WhiteElo "2316"]
[BlackElo "2289"]

1. e4 c5 2. Nf3 Nc6 3. d4 cxd4 4.
Nxd4 g6 5. Be3 Bg7 6. Nc3 Nf6 7. Bc4 O-O 8. Bb3 a5 9. a4 Ng4 10. Qxg4 Nxd4 11. Qd1 Nxb3 12. cxb3 d6 13. Qd2 Be6 14. Nd5 Bxd5 15. exd5 Qd7 16.
O-O b5 17. Rfc1 Rfb8 18. h3 Rb7 19. Rc6 h5 20. Bb6 Ra6 21. Bxa5 Rxc6 22. dxc6 Qxc6 23. Bc3 e5 24. a5 d5 25.
Bb4 d4 26. Rc1 Qd5 27. Qe2 Kh7 28. Rc5 Qd7 29. Qf3 f5 30. Qd5 Bf8 31. a6 Ra7 32. Qxd7+ Rxd7 33. Rxb5 Bxb4 34. Rxb4 d3 35.
Rb7 Rxb7 36. axb7 d2 37. b8=Q d1=Q+ 38. Kh2 Qd4 39. Qc7+ Kh8 40. Qc3 Qxf2 41. Qxe5+ Kh7 42. b4 f4 43.
b5 Kh6 44. b4 Qd2 45. Qe7 Qf2 46. Qe4 g5 47. Qe6+ Kg7 48. b6 f3 49. Qe5+ Kg6 50. Qe4+ Kg7 51. Qxf3 Qxb6 52. Qc3+ Kg6 53.
Qc5 Qb8+ 54. Kh1 g4 55. b5 Qg3 56. Qc6+ Kf7 57. Qd5+ Kf6 58. Qe4 Qf2 59. hxg4 hxg4 60. Kh2 Kg5 61.
Qe7+ Kh5 62. Qe8+ Kh4 63. Qd8+ Kh5 64. Qh8+ Kg5 65. Qg7+ Kh5 66. Qh7+ Kg5 67. Qe7+ Kh5 68. Qh7+ Kg5 69.
Qb1 g3+ 70. Kh1 Qf4 71. Qd1 Qh4+ 72. Kg1 Qh2+ 73. Kf1 Qh1+ 74. Ke2 Qxg2+ 75. Kd3 Qd5+ 76. Ke2 Qxd1+ 0-1

[Event "SS Manhem Chess Week GM and IM tournaments 2018"]
[Site "Molnlycke kulturhus, Biblioteksgatan 2, Molnlycke, Sweden"]
[Date "2018.08.12"]
[Round "3.10"]
[White "Pantzar, Milton"]
[Black "Ernst, Thomas"]
[Result "1/2-1/2"]
[TimeControl "90 minutes for 40 moves + 30 minutes for the rest of the game + 30 seconds per move from move one."]
[WhiteTitle "FM"]
[BlackTitle "GM"]
[WhiteFideId "1721003"]
[BlackFideId "1700065"]
[WhiteElo "2306"]
[BlackElo "2346"]

1. d4 Nf6 2. c4 g6 3. f3 d5 4. cxd5 Nxd5 5. e4 Nb6 6. Nc3 Bg7 7. Be3 O-O 8. Qd2 e5 9. d5 c6 10.
h4 h5 11. g4 cxd5 12. exd5 hxg4 13. h5 gxf3 14. hxg6 f2+ 15. Qxf2 fxg6 16. Qh2 Rxf1+ 17. Kxf1 Nxd5 18. Qh7+ Kf8 19.
Qh8+ Bxh8 20. Rxh8+ Kf7 21. Rxd8 Nxe3+ 22. Kf2 Nc6 23. Rxc8 Rxc8 24. Kxe3 Nd4 25. Rf1+ Ke6 26. Nf3 Nxf3 27.
Rxf3 Rc4 28. Rf2 Rh4 29. Rf8 Rh2 30. Ne2 Rh3+ 31. Kd2 Rh7 32. Rf2 Rh4 33. Ng3 Rf4 34. Rg2 Rg4 35. Ke3 a5 36.
Rg1 g5 37. Kf3 Rf4+ 38. Ke2 Rg4 39. Kf2 Rf4+ 40. Ke3 Rg4 41. Ne2 Rb4 42. Rb1 Rh4 43. Kf3 b5 44. Rg1 Rb4 45. Rg2 a4 46.
Nc3 g4+ 47. Ke3 Kd6 48. Ne4+ Ke6 49. Rf2 Kd5 50. Rd2+ Ke6 51. Rg2 Kf5 52. Rf2+ Ke6 53. Rh2 Kd5 54. Nc3+ Ke6 55. Ne4 Kf5 56.
Rh5+ Ke6 57. Nc5+ Kd5 58. Rxe5+ Kd6 59. Nd3 Rxb2 60. Rg5 Rxa2 61. Rxg4 Rh2 62. Kd4 Rh6 63. Kc3 Rh3 64. Kd4 Rh6 65.
Kc3 Rh3 1/2-1/2

[Event "SS Manhem Chess Week GM and IM tournaments 2018"]
[Site "Molnlycke kulturhus, Biblioteksgatan 2, Molnlycke, Sweden"]
[Date "2018.08.13"]
[Round "4.1"]
[White "Brynell, Stellan"]
[Black "Gritsak, Orest"]
[Result "1/2-1/2"]
[TimeControl "90 minutes for 40 moves + 30 minutes for the rest of the game + 30 seconds per move from move one."]
[WhiteTitle "GM"]
[BlackTitle "GM"]
[WhiteFideId "1700219"]
[BlackFideId "14102188"]
[WhiteElo "2391"]
[BlackElo "2464"]

1. d4 Nf6 2. c4 g6 3. g3 c5 4. dxc5 Qa5+ 5. Nc3 Qxc5 6. Qa4 Qc6 7. Nf3 Qxa4 8. Nxa4 b6 9. Bg2 Bb7 10.
b3 Bg7 11. Bb2 Na6 12. O-O Nc5 13. Nc3 Nfe4 14. Rac1 1/2-1/2

[Event "SS Manhem Chess Week GM and IM tournaments 2018"]
[Site "Molnlycke kulturhus, Biblioteksgatan 2, Molnlycke, Sweden"]
[Date "2018.08.13"]
[Round "4.3"]
[White "Rozentalis, Eduardas"]
[Black "Christiansen, Johan-Sebastian"]
[Result "1/2-1/2"]
[TimeControl "90 minutes for 40 moves + 30 minutes for the rest of the game + 30 seconds per move from move one."]
[WhiteTitle "GM"]
[BlackTitle "IM"]
[WhiteFideId "12800023"]
[BlackFideId "1512668"]
[WhiteElo "2503"]
[BlackElo "2515"]

1. e4 e5 2. Nf3 Nc6 3. Bc4 Nf6 4. d3 h6 5. c3 d6 6. Nbd2 g5 7. h3 Bg7 8. Nf1 O-O 9. Ng3 Ne7 10.
Bb3 c6 11. h4 g4 12. Nh2 d5 13. h5 Be6 14. O-O Qd7 15. f4 gxf3 16. Qxf3 Kh7 17. Nf5 dxe4 18. dxe4 Nxf5 19. exf5 Bxb3 20.
axb3 Qd5 21. b4 Qxf3 22. Rxf3 e4 23. Rh3 Rfd8 24. Be3 Rd3 25. Nf1 a6 26. Rh4 Re8 27. Re1 Nd5 28. Bc1 e3 1/2-1/2

[Event "SS Manhem Chess Week GM and IM tournaments 2018"]
[Site "Molnlycke kulturhus, Biblioteksgatan 2, Molnlycke, Sweden"]
[Date "2018.08.13"]
[Round "4.4"]
[White "Lindberg, Bengt"]
[Black "Vestby-Ellingsen, Mads"]
[Result "1/2-1/2"]
[TimeControl "90 minutes for 40 moves + 30 minutes for the rest of the game + 30 seconds per move from move one."]
[WhiteTitle "IM"]
[BlackTitle "FM"]
[WhiteFideId "1700359"]
[BlackFideId "1520857"]
[WhiteElo "2416"]
[BlackElo "2409"]

1. e4 e5 2. Nf3 Nc6 3. Bb5 a6 4. Ba4 Nf6 5. O-O Be7 6. Re1 b5 7. Bb3 O-O 8. c3 d5 9. exd5 Nxd5 10.
Nxe5 Nxe5 11. Rxe5 c6 12. d4 Bd6 13. Re1 Qh4 14. g3 Qh3 15. Re4 g5 16. Qf1 Qh5 17. Nd2 Bf5 18. f3 Nf6 19.
Qf2 Qg6 20. Re3 Rae8 21. Nf1 g4 22. Rxe8 Rxe8 23. Ne3 Bd3 24. fxg4 Ne4 25. Qf5 Ng5 26. Qxg6+ hxg6 27. Bc2 Bxc2 28.
Nxc2 Nf3+ 29. Kf2 Nxh2 30. Ne3 f5 31. gxf5 gxf5 32. Bd2 f4 33. gxf4 Bxf4 34. Rg1+ Kf8 35. Rg2 Re4 36. Nf1 Nxf1 37.
Kxf1 Bxd2 38. Rxd2 Rh4 39. Re2 Rh1+ 40. Kf2 Kf7 41. a3 a5 42. Kg3 a4 43. Re5 Rb1 44. Rc5 Rxb2 45. Rxc6 Ke7 46.
Kf4 Rb3 47. Ke5 Kd7 48. Kd5 Rxa3 49. c4 bxc4 50. Rxc4 1/2-1/2

[Event "SS Manhem Chess Week GM and IM tournaments 2018"]
[Site "Molnlycke kulturhus, Biblioteksgatan 2, Molnlycke, Sweden"]
[Date "2018.08.13"]
[Round "4.5"]
[White "Johansson, Linus"]
[Black "Sammalvuo, Tapani"]
[Result "1/2-1/2"]
[TimeControl "90 minutes for 40 moves + 30 minutes for the rest of the game + 30 seconds per move from move one."]
[WhiteTitle "IM"]
[BlackTitle "IM"]
[WhiteFideId "1711113"]
[BlackFideId "501115"]
[WhiteElo "2457"]
[BlackElo "2411"]

1. d4 Nf6 2. c4 e6 3. Nc3 Bb4 4. g3 O-O 5. Bg2 d5 6. a3 Be7 7. cxd5 exd5 8. e3 c6 9. Nge2 Na6 10.
O-O Nc7 11. Nf4 Ne6 12. Nd3 b6 13. b4 Bb7 14. Bb2 a5 15. Qb3 axb4 16. axb4 Rxa1 17. Rxa1 Qd6 18. Ra7 Qb8 19. Qa2 Rd8 20.
b5 c5 21. dxc5 bxc5 22. b6 c4 23. Nf4 Nxf4 24. gxf4 Qc8 25. Ne2 Qc6 26. Bd4 Ne4 27. Qa4 Qxa4 28. Rxa4 Ra8 29. Ra7 Rxa7 30.
bxa7 Bb4 31. Bxe4 dxe4 32. Nc3 Bxc3 33. Bxc3 f5 34. Kf1 Kf7 35. Ke2 g6 36. Kd2 Ke6 37. Bd4 Ba8 38. Kc3 Kd7 39.
Kxc4 Bb7 40. Bc5 Ba8 41. Kd4 Ke6 42. Bb6 Bb7 43. Bd8 Ba8 44. Bg5 h5 1/2-1/2

[Event "SS Manhem Chess Week GM and IM tournaments 2018"]
[Site "Molnlycke kulturhus, Biblioteksgatan 2, Molnlycke, Sweden"]
[Date "2018.08.13"]
[Round "4.6"]
[White "Vypkhaniuk, Ihor"]
[Black "Ernst, Thomas"]
[Result "1/2-1/2"]
[TimeControl "90 minutes for 40 moves + 30 minutes for the rest of the game + 30 seconds per move from move one."]
[WhiteTitle "FM"]
[BlackTitle "GM"]
[WhiteFideId "14112256"]
[BlackFideId "1700065"]
[WhiteElo "2357"]
[BlackElo "2346"]

1. c4 c5 2. g3 g6 3. Bg2 Bg7 4. Nc3 Nc6 5. Nf3 e6 6. d3 d5 7. Bg5 Nge7 8. Qc1 d4 9. Nb5 O-O 10.
O-O e5 11. Bh6 Bxh6 12. Qxh6 Nf5 13. Qd2 a6 14. Na3 Nd6 15. Ng5 Bf5 16. Nc2 a5 17. Bxc6 bxc6 18. e4 dxe3 19. Qxe3 f6 20.
Ne4 Bxe4 21. dxe4 Qb6 22. b3 a4 23. Rad1 axb3 24. axb3 Rad8 25. Rd3 Nb7 26. Rfd1 Rxd3 27. Rxd3 Rd8 28.
Kg2 Rxd3 29. Qxd3 Qd8 30. Qxd8+ Nxd8 31. b4 cxb4 32. Nxb4 Kf7 33. f4 Ke6 34. c5 exf4 35. gxf4 g5 36.
Kf3 gxf4 37. Kxf4 Nb7 38. Nxc6 Nxc5 39. Nd4+ Kf7 40. Kf5 Nb7 41. Nb5 Kg7 42. h3 Kf7 43. h4 Kg7 44. h5 Kh6 45.
Kxf6 Nc5 46. e5 Nd7+ 47. Kf5 Nxe5 48. Kxe5 Kxh5 49. Kf5 Kh4 50. Kf4 Kh5 51. Kf5 Kh4 52. Kf4 Kh5 53. Nd6 Kg6 54.
Ne4 h5 55. Kg3 h4+ 56. Kh3 Kf5 57. Ng3+ hxg3 58. Kxg3 1/2-1/2

[Event "SS Manhem Chess Week GM and IM tournaments 2018"]
[Site "Molnlycke kulturhus, Biblioteksgatan 2, Molnlycke, Sweden"]
[Date "2018.08.13"]
[Round "4.7"]
[White "Hobber, Anders"]
[Black "Kucuksari, Kaan"]
[Result "1/2-1/2"]
[TimeControl "90 minutes for 40 moves + 30 minutes for the rest of the game + 30 seconds per move from move one."]
[WhiteTitle "FM"]
[BlackTitle "FM"]
[WhiteFideId "1505424"]
[BlackFideId "6380166"]
[WhiteElo "2314"]
[BlackElo "2329"]

1. d4 Nf6 2. Nf3 e6 3. Bf4 d5 4. e3 c5 5. Nbd2 Nc6 6. c3 Bd6 7. Bg3 b6 8. Bb5 Qc7 9. Bxd6 Qxd6 10.
Ne5 Bd7 11. f4 cxd4 12. exd4 Ne7 13. Bd3 g6 14. O-O Nh5 15. Qe2 Kf8 16. Rae1 Ng7 17. Qf2 Be8 18. c4 dxc4 19. Ndxc4 Qd8 20.
Rd1 h5 21. Be4 Rc8 22. Ne3 f6 23. Nf3 Bc6 24. Bc2 Kf7 25. Nh4 Ngf5 26. Nhxf5 gxf5 27. Bb3 Nd5 28. Rfe1 Qd6 29. Nc4 Qc7 30.
Ne3 Qd6 31. Nc4 Qd7 32. Rd2 Rcg8 33. Ne3 Qd6 34. Nxd5 Bxd5 35. Qe3 Rd8 36. Bd1 h4 37. Be2 Rhg8 38. Bh5+ Ke7 39. Bf3 Kf7 40.
Bh5+ Kf8 41. Bf3 Bxf3 42. Qxf3 Rg4 43. h3 Rxf4 44. Rxe6 Rxf3 45. Rxd6 Rxd6 46. gxf3 f4 47. d5 Kg7 48.
Rd4 f5 49. Rxf4 Rxd5 50. Rxh4 Rd1+ 51. Kf2 Rd2+ 52. Kg3 Rxb2 53. a4 a5 54. Rc4 Kf6 55. h4 Rb4 56. Rc6+ Kg7 57. h5 Kh7 1/2-1/2

[Event "SS Manhem Chess Week GM and IM tournaments 2018"]
[Site "Molnlycke kulturhus, Biblioteksgatan 2, Molnlycke, Sweden"]
[Date "2018.08.13"]
[Round "4.8"]
[White "Storme, Isak"]
[Black "Pantzar, Milton"]
[Result "1/2-1/2"]
[TimeControl "90 minutes for 40 moves + 30 minutes for the rest of the game + 30 seconds per move from move one."]
[WhiteTitle "FM"]
[BlackTitle "FM"]
[WhiteFideId "1728113"]
[BlackFideId "1721003"]
[WhiteElo "2279"]
[BlackElo "2306"]

1. d4 Nf6 2. c4 e6 3. Nc3 Bb4 4. Qc2 O-O 5. Nf3 c5 6. dxc5 Na6 7. g3 Nxc5 8. Bg2 Nce4 9. O-O Nxc3 10.
bxc3 Be7 11. e4 d6 12. e5 dxe5 13. Nxe5 Qc7 14. Qe2 Bd6 15. Bf4 Ne8 16. c5 Qxc5 17. c4 Qc7 18. Rab1 f6 19.
Nd3 Rb8 20. c5 Bxf4 21. Nxf4 Qxc5 22. Nxe6 Qe7 23. Rfe1 Bxe6 24. Qxe6+ Qxe6 25. Rxe6 Rf7 26. Bxb7 Rfxb7 27.
Rxe8+ Rxe8 28. Rxb7 a5 29. Rb5 Re5 30. Rxe5 fxe5 31. Kg2 Kf7 32. Kf3 Ke6 33. Ke4 Kd6 34. h4 Ke6 1/2-1/2

[Event "SS Manhem Chess Week GM and IM tournaments 2018"]
[Site "Molnlycke kulturhus, Biblioteksgatan 2, Molnlycke, Sweden"]
[Date "2018.08.13"]
[Round "4.9"]
[White "Nedilko, Vasily"]
[Black "Rydstrom, Tom"]
[Result "1/2-1/2"]
[TimeControl "90 minutes for 40 moves + 30 minutes for the rest of the game + 30 seconds per move from move one."]
[WhiteTitle "IM"]
[BlackTitle "FM"]
[WhiteFideId "14101459"]
[BlackFideId "1714830"]
[WhiteElo "2369"]
[BlackElo "2316"]

1. d4 g6 2. c4 Bg7 3. Nc3 d6 4. Nf3 Bg4 5. g3 Bxf3 6. exf3 c6 7. d5 c5 8. Bh3 Nd7 9. O-O Ngf6 10.
Re1 O-O 11. f4 a6 12. a4 b6 13. f5 Ra7 14. fxg6 hxg6 15. Bf4 Rb7 16. Qe2 Re8 17. Rad1 Nf8 18. Qd2 N6d7 19. Ne4 b5 20.
cxb5 axb5 21. a5 b4 22. Qe2 Nf6 23. a6 Ra7 24. Nxf6+ Bxf6 25. Bf1 Qb6 26. h4 Rc7 27. Be3 Ra8 28.
Ra1 Qb8 29. Rec1 Qc8 30. Ra5 Qf5 31. b3 Rca7 32. g4 Qc8 33. g5 Bg7 34. h5 Qf5 35. h6 Bc3 36. Qc4 Nd7 37. Qf4 Qxf4 38. Bxf4 f6 39. gxf6 Nxf6 40. Bc4 Kh7 41.
Kg2 Rf8 42. Be3 Ng4 43. Rh1 Nxe3+ 44. fxe3 Bd2 45. Rh3 Rf5 46. Ra2 Bc3 47. Rf2 Rg5+ 48. Kf1 Bf6 49. Rg2 Re5 50. Rhg3 g5 51.
Rf3 Kxh6 52. Rh2+ Kg7 53. Rfh3 Re4 54. Bd3 Rh4 55. Rxh4 gxh4 56. Rg2+ Kf8 57. Rf2 Ke8 58. Kg2 Kd8 59. Kh3 Kc7 60. Rg2 Ra8 61.
Bc4 Kb6 62. Rg6 Rh8 63. Rg4 Ka7 64. Rg6 Kb6 65. Rg4 Ra8 66. Rg6 Rh8 67. Rg4 Ka7 68. Rg6 Kb6 69. Rg4 Rf8 70. Rg6 Ka7 71.
Rg4 Kb6 72. Rg6 Rh8 73. Rg4 Ka7 1/2-1/2

[Event "SS Manhem Chess Week GM and IM tournaments 2018"]
[Site "Molnlycke kulturhus, Biblioteksgatan 2, Molnlycke, Sweden"]
[Date "2018.08.13"]
[Round "4.10"]
[White "Mikalsen, Erlend"]
[Black "Antonsen, Mikkel"]
[Result "1/2-1/2"]
[TimeControl "90 minutes for 40 moves + 30 minutes for the rest of the game + 30 seconds per move from move one."]
[WhiteTitle "FM"]
[BlackTitle "IM"]
[WhiteFideId "1507338"]
[BlackFideId "1401378"]
[WhiteElo "2289"]
[BlackElo "2444"]

1. e4 e5 2. Nf3 Nc6 3. Bb5 Nf6 4.
O-O Nxe4 5. d4 Nd6 6. Bxc6 dxc6 7. dxe5 Nf5 8. Qxd8+ Kxd8 9. Nc3 Be7 10. h3 Nh4 11. Nxh4 Bxh4 12.
Be3 h5 13. Ne2 Bd7 14. Rad1 Kc8 15. Rd2 b6 16. Rfd1 Rd8 17. Ng3 g6 18. Ne4 Bf5 19. Bg5 Rxd2 20. Rxd2 Bxe4 21. Bxh4 1/2-1/2

[Event "SS Manhem Chess Week GM and IM tournaments 2018"]
[Site "Molnlycke kulturhus, Biblioteksgatan 2, Molnlycke, Sweden"]
[Date "2018.08.14"]
[Round "5.2"]
[White "Christiansen, Johan-Sebastian"]
[Black "Schneider, Stefan"]
[Result "1-0"]
[TimeControl "90 minutes for 40 moves + 30 minutes for the rest of the game + 30 seconds per move from move one."]
[WhiteTitle "IM"]
[BlackTitle "IM"]
[WhiteFideId "1512668"]
[BlackFideId "1703013"]
[WhiteElo "2515"]
[BlackElo "2399"]

1. c4 e5 2. Nc3 Nf6 3. g3 Nc6 4. Bg2 Bc5 5. Nf3 d6 6. O-O a6 7. e3 O-O 8. a3 Re8 9. Qc2 Be6 10.
d3 Qd7 11. Ng5 Bf5 12. b4 Bb6 13. Bb2 h6 14. Nge4 Nh7 15. Rac1 Ba7 16. b5 Ne7 17. a4 Bh3 18. Qb3 Bxg2 19.
Kxg2 f5 20. Nd2 Kh8 21. Nf3 Rf8 22. Ne2 Ng6 23. c5 Bxc5 24. Bxe5 axb5 25. Bd4 bxa4 26. Qxb7 Rfb8 27. Qd5 c6 28.
Qc4 Rb4 29. Qc3 Rb3 30. Qc2 Rb5 31. Ba1 Ng5 32. Nxg5 hxg5 33. d4 Ba3 34. Qxc6 Qxc6+ 35. Rxc6 f4 36. Nc3 Rf5 37. e4 Rff8 38.
Rb1 f3+ 39. Kh3 Rfc8 40. Rxc8+ Rxc8 41. Nxa4 Rc4 42. Nb6 Rc2 43. Rb3 Ra2 44. Nc4 Bc1 45. Bb2 Ra4 46. Nxd6 Bxb2 47. Rxb2 Rxd4 48.
Nf7+ Kh7 49. Nxg5+ Kh6 50. Nxf3 Rxe4 51. Rb6 Kh5 52. g4+ 1-0

[Event "SS Manhem Chess Week GM and IM tournaments 2018"]
[Site "Molnlycke kulturhus, Biblioteksgatan 2, Molnlycke, Sweden"]
[Date "2018.08.14"]
[Round "5.3"]
[White "Vestby-Ellingsen, Mads"]
[Black "Rozentalis, Eduardas"]
[Result "1/2-1/2"]
[TimeControl "90 minutes for 40 moves + 30 minutes for the rest of the game + 30 seconds per move from move one."]
[WhiteTitle "FM"]
[BlackTitle "GM"]
[WhiteFideId "1520857"]
[BlackFideId "12800023"]
[WhiteElo "2409"]
[BlackElo "2503"]

1. d4 Nf6 2. c4 e6 3. Nc3 Bb4 4. e3 b6 5. Nge2 Ne4 6. Qc2 Bb7 7. f3 Nxc3 8. bxc3 Be7 9. e4 d6 10.
Ng3 O-O 11. Bd3 e5 12. O-O Nc6 13. Be3 Bf6 14. Qb2 g6 15. f4 Qe7 16. fxe5 dxe5 17. d5 Na5 18. c5 Bg5 19. Bf2 Rad8 20.
Rad1 h5 21. Rfe1 Bc8 22. d6 cxd6 23. cxb6 axb6 24. Bxb6 Nb7 25. Bxd8 Rxd8 26. Nf1 Nc5 27. Ne3 Bb7 28. Qb1 Qc7 29.
Nd5 Bxd5 30. exd5 Kg7 31. Qc2 Ra8 32. Re2 Ra3 33. Qb2 Qa5 34. Rc2 e4 35. Bc4 Bf6 36. Qb4 Qa7 37. Kh1 Ra4 38.
Qb5 e3 39. Bb3 Re4 40. Qe2 Qe7 41. Rcc1 Be5 42. g3 Qg5 43. Rg1 h4 44. g4 Bf4 45. Rcd1 h3 46. Bc2 Re7 47. Rge1 Qe5 48.
Rd4 Bg5 49. Rb1 Rc7 50. a4 Nd7 51. Qd3 Nf6 52. a5 e2 53. Re1 Re7 54. Qxh3 Nxd5 55. Re4 Qf6 56. Rxe7 Qxe7 1/2-1/2

[Event "SS Manhem Chess Week GM and IM tournaments 2018"]
[Site "Molnlycke kulturhus, Biblioteksgatan 2, Molnlycke, Sweden"]
[Date "2018.08.14"]
[Round "5.4"]
[White "Sammalvuo, Tapani"]
[Black "Brynell, Stellan"]
[Result "1/2-1/2"]
[TimeControl "90 minutes for 40 moves + 30 minutes for the rest of the game + 30 seconds per move from move one."]
[WhiteTitle "IM"]
[BlackTitle "GM"]
[WhiteFideId "501115"]
[BlackFideId "1700219"]
[WhiteElo "2411"]
[BlackElo "2391"]

1. d4 Nf6 2. c4 e6 3. Nf3 b6 4. g3 Bb7 5. Bg2 Be7 6. O-O O-O 7. Re1 c5 8. d5 exd5 9. Nh4 Ne4 10.
cxd5 Bxh4 11. Bxe4 Bf6 12. Nc3 d6 13. Qc2 h6 14. Bf4 a6 15. Bg2 Qe7 16. Rad1 Nd7 17. Bd2 b5 18. Ne4 Rfe8 19.
Nxf6+ Nxf6 20. e4 b4 21. e5 Nd7 22. f4 Rad8 23. e6 Nb6 24. f5 Bxd5 25. Bxd5 Nxd5 26. Bxh6 Nc7 27. Re4 Qf6 28.
exf7+ Qxf7 29. Rg4 Qh5 30. Rxg7+ Kh8 31. f6 Qxh6 32. Rxc7 Qe3+ 33. Kg2 Qe2+ 34. Qxe2 Rxe2+ 35. Kh3 Rf2 36.
Rd5 Rxf6 37. Rh5+ Kg8 38. Rhh7 d5 39. Rcg7+ Kf8 40. Rc7 Kg8 41. Rhg7+ Kf8 42. g4 d4 43. g5 Rf1 44. g6 d3 45.
Rh7 Kg8 46. Rcg7+ Kf8 47. Re7 Kg8 48. Rhg7+ Kf8 49. Rh7 Kg8 50. Reg7+ Kf8 51. Ra7 Kg8 52. Rhg7+ Kf8 53. Rh7 Kg8 54.
Rhg7+ Kf8 55. Rh7 1/2-1/2